 Dungeon Crawl Stone Soup version 0.30-a0-367-g839099abd5 (webtiles) character file.

Game seed: 4834845295942389501

28 MrRokkomies the Insei (level 3, -1/29 HPs)
             Began as a Meteoran Transmuter on Nov 18, 2022.
             Slain by Terence
             ... wielding a +0 trident
              (6 damage)
             ... on level 2 of the Dungeon.
             The game lasted 00:01:23 (397 turns).

MrRokkomies the Insei (Meteoran Transmuter)          Turns: 397, Time: 00:01:23

Health: -1/29      AC:  2    Str: 11    XL:     3   Next: 47%
Magic:  8/8        EV: 13    Int: 15    God:
Gold:   15         SH:  0    Dex: 16    Spells: 1/7 levels left

rFire   . . .      SeeInvis .      - Unarmed
rCold   . . .      Faith    .    (no shield)
rNeg    . . .      Spirit   .    a - +0 robe
rPois   .          Reflect  .    (helmet currently unavailable)
rElec   .          Harm     .    (no cloak)
rCorr   .          Rampage  .    (no gloves)
Will    .....                    (boots currently unavailable)
Stlth   +.........               (no amulet)
HPRegen 0.24/turn                c - ring of flight
MPRegen 0.11/turn                (no ring)

@: appendages (expiring), flying, glowing
A: horns 2, talons 2, sense surroundings 1, otherworldly, glowing, explore regen
a: End Transformation


You were on level 2 of the Dungeon.
You had temporarily grown beastly horns and talons.
You visited 1 branch of the dungeon, and saw 2 of its levels.

You collected 15 gold pieces.

Inventory:

Armour
 a - a +0 robe (worn)
Jewellery
 c - a ring of flight (left hand)
Potions
 b - a potion of lignification


   Skills:
 * Level 2.1 Fighting
 + Level 2.8 Dodging
 * Level 4.2 Unarmed Combat
 - Level 2.6 Spellcasting
 + Level 2.7 Transmutations


You had one spell level left.
You knew the following spells:

 Your Spells              Type           Power      Damage    Failure   Level
a - Beastly Appendage     Tmut           20%        N/A       7%          1
b - Wereblood             Tmut           10%        N/A       10%         2
c - Spider Form           Tmut/Pois      6%         N/A       34%         3

Your spell library contained the following spells:

 Spells                   Type           Power      Damage    Failure   Level
 Gell's Gravitas          Tloc           2%         N/A       52%         3
 Lesser Beckoning         Tloc           4%         N/A       52%         3
 Teleport Other           Tloc           2%         N/A       52%         3
 Ice Form                 Ice/Tmut       6%         N/A       75%         4


Dungeon Overview and Level Annotations

Branches:
Dungeon (2/15) Zot: 807

Altars:

Annotations:
D:2 Terence


Innate Abilities, Weirdness & Mutations

You have temporarily grown beastly horns and talons.
You passively map a small area around you.
You are easily found by Zot.
You glow in the dark.
You regain HP and MP as you explore.


Message History

You miscast Beastly Appendage.
You are very lightly contaminated with residual magic.
Nothing appears to happen.
Terence and a frilled lizard come into view.
Terence shouts!
The frilled lizard hisses angrily.
The frilled lizard moves out of view.
You hit the endoplasm.
The endoplasm is severely wounded.
The endoplasm hits you but does no damage.
You hit the endoplasm.
The endoplasm is almost dead.
The endoplasm hits you but does no damage.
You completely miss the endoplasm. You punch the endoplasm.
You kill the endoplasm!
You grow a pair of large bovine horns.
Your feet morph into talons.
Your magical contamination has completely faded away.
You hit the frilled lizard.
You kill the frilled lizard!
Terence barely misses you.
You hit Terence.
Terence is lightly wounded.
Terence hits you with a +0 trident!
You closely miss Terence. You claw Terence.
Terence is moderately wounded.
Your transformation is almost over.
Terence misses you.
You hit Terence. You claw Terence, but do no damage.
Terence is moderately wounded.
Terence closely misses you.
You hit Terence but do no damage.
Terence is moderately wounded.
Terence hits you with a +0 trident!
You hit Terence but do no damage. You punch Terence, but do no damage.
Terence is moderately wounded.
Terence hits you with a +0 trident!
* * * LOW HITPOINT WARNING * * *
You hit Terence but do no damage.
Terence is moderately wounded.
Terence hits you with a +0 trident.
You die...

#...†††..## #.#
#.8.⌠.8...# #.#
#.......#.# #.#
#.⌠._.⌠.#.# #.#
#.....†...####.#
*
#.8.⌠.8.#...#..#
,
#.......###...##
#######....#..##
,
#......@†#####..
*
#.....##@.......,
#.....>....###<.
, #........#..#,
* *
#.........#....
#...........##..
, #..........##*
. * ..........#
..........# *


You could see Terence.

Vanquished Creatures
  4 ball pythons
  2 bats
  2 endoplasms
  A giant cockroach (D:1)
  2 goblins (D:1)
  3 hobgoblins
  3 jackals (D:2)
  2 quokkas (D:1)
  2 frilled lizards
  2 kobolds (D:1)
23 creatures vanquished.

Notes
Turn   | Place    | Note
-------+----------+-------------------------------------------
     0 | D:1      | MrRokkomies the Meteoran Transmuter began the quest for the
                  | Orb.
     0 | D:1      | Reached XP level 1. HP: 16/16 MP: 5/5
    83 | D:1      | Reached XP level 2. HP: 17/23 MP: 6/6
   179 | D:1      | Reached skill level 4 in Unarmed Combat
   219 | D:1      | Reached XP level 3. HP: 29/29 MP: 6/8
   338 | D:2      | Found a faded altar of an unknown god.
   352 | D:2      | Learned a level 2 spell: Wereblood
   356 | D:2      | Learned a level 3 spell: Spider Form
   381 | D:2      | Noticed Terence
   397 | D:2      | Slain by Terence

Illustrated notes

Levels and vault maps discovered:
D:1:      giann_wishing_wells, layout_basic, serial_shops,
          nicolae_shop_hallway_plus, minmay_misc_feat_doors,
          minmay_rat_gold_closets
D:2:      layout_rooms, hellmonk_ecumenical_altar_dog_temple, uniq_terence

Skill      XL: |  1  2  3 |
---------------+----------+-----
Unarmed Combat | 4 |  4.2
Fighting       | 2 |  2.1
Dodging        | |  2.8
Spellcasting   | |  2.6
Transmutations | |  2.7

Action                   || total
-------------------------++-------
Melee: Unarmed           ||    59
       Kick              ||    13
       Headbutt          ||     2
       Punch             ||     2
 Cast: Beastly Appendage ||    11
Armor: Robe              ||    13
Dodge: Dodged            ||    25

Table legend: (Time is in decaauts)
 A = Elapsed time spent in this place.
 B = Non-inter-level travel time spent in this place.
 C = Inter-level travel time spent in this place.
 D = Time resting spent in this place.
 E = Time spent auto-exploring this place.
 F = Levels seen in this place.
 G = Mean time per level.
                   A        B        C        D        E       F      G
               +--------+--------+--------+--------+--------+-----+--------+
         Total |    391 |    364 |     27 |      0 |    224 |   2 |  195.5 |
       Dungeon |    391 |    364 |     27 |      0 |    224 |   2 |  195.5 |
               +--------+--------+--------+--------+--------+-----+--------+

Top non-repeatable levels by time:
     D:1: 334 daAuts
     D:2: 57 daAuts
